 Dungeon Crawl Stone Soup version 0.32-a0-871-ge202e49faa (webtiles) character file.

Game seed: 15687526885445180234

6 dialectric the Chucker (level 1, 0/15 HPs)
             Began as a Demonspawn Wanderer on Mar 30, 2024.
             Slain by a kobold
             ... wielding a +0 whip
              (5 damage)
             ... on level 1 of the Dungeon.
             The game lasted 00:00:20 (386 turns).

dialectric the Chucker (Demonspawn Wanderer)         Turns: 386, Time: 00:00:20

Health: 0/15       AC:  2    Str: 11    XL:     1   Next: 75%
Magic:  3/3        EV: 10    Int: 13    God:
Gold:   36         SH:  0    Dex: 12    Spells: 3/4 levels left

rFire   . . .        a - +0 short sword
rCold   . . .        (no shield)
rNeg    . . .        e - +0 robe
rPois   .            (no helmet)
rElec   .            (no cloak)
rCorr   .            (no gloves)
SInv    .            (no boots)
Will    .....        (no amulet)
Stlth   +            (no ring)
HPRegen 0.22/turn    (no ring)
MPRegen 0.08/turn

%: no passive effects
@: no status effects
A: no striking features
a: no special abilities


You were on level 1 of the Dungeon.
You visited 1 branch of the dungeon, and saw 1 of its levels.

You collected 36 gold pieces.

Inventory:

Hand Weapons
 a - a +0 short sword (weapon)
 c - a +0 dagger
Missiles
 b - 8 poisoned darts (quivered)
Armour
 e - a +0 robe (worn)
 g - a +0 buckler
Scrolls
 h - a scroll of amnesia {unknown}
 j - a scroll of brand weapon {unknown}
Potions
 d - a potion of heal wounds
 f - a potion of enlightenment {unknown}
 i - a potion of brilliance {unknown}


   Skills:
 + Level 1.1 Fighting
 + Level 1.9 Short Blades
 + Level 2.7 Throwing
 + Level 2.1 Spellcasting
 + Level 2.1 Hexes


You had 3 spell levels left.
You knew the following spells:

 Your Spells              Type           Power      Damage    Failure   Level
a - Slow                  Hex            24%        N/A       11%         1

Your spell library contained the following spells:

 Spells                   Type           Power      Damage    Failure   Level
 Tukima's Dance           Hex            6%         N/A       32%         3
 Cause Fear               Hex            3%         N/A       71%         4


Dungeon Overview and Level Annotations

Branches:
Dungeon (1/15)

Altars:


Message History

The endoplasm hits you.
You hit the endoplasm.
The endoplasm is almost dead.
The endoplasm barely misses you.
You hit the endoplasm.
You kill the endoplasm!
You hit the rat but do no damage. The rat bites you.
You hit the rat.
You kill the rat!
No target in view!
No target in view!
No target in view!
No target in view!
No target in view!
j - a scroll labelled GUXADDOILONN Key pressed, stopping explore.
No target in view!
There is a stone staircase leading down here.
A kobold and a rat come into view.
Found a fuming red potion.
The kobold shouts!
There are monsters nearby!
You completely miss the rat. You hit the rat.
You kill the rat!
Found a pair of embroidered boots.
The kobold hits you with a +0 whip.
You hit the kobold but do no damage. The kobold hits you with a +0 whip.
You miss the kobold. The kobold barely misses you.
You hit the kobold but do no damage. The kobold closely misses you.
You closely miss the kobold. The kobold hits you but does no damage.
You closely miss the kobold. The kobold hits you with a +0 whip.
You are too injured to fight recklessly!
You are too injured to fight recklessly!
You are too injured to fight recklessly!
You are too injured to fight recklessly!
You are too injured to fight recklessly!
Unknown command.
You hit the kobold but do no damage. The kobold barely misses you.
You closely miss the kobold. The kobold hits you with a +0 whip.
You die...

## .# .. .. #.# .# #.
#.# ..###.. ..#
##.#!#.#.# #.# #.....
#.# #.## ###.#K###.##
#..
#....@.#...###.#######
#.#[#.###......)......
###...#.####.#######
###.###.#..###.#
...............#######
####..................
#........##.#######
##.###..###.# #.# #..#
#.#


You could see a kobold.

Vanquished Creatures
  An endoplasm (D:1)
  2 kobolds (D:1)
  A frilled lizard (D:1)
  3 rats (D:1)
7 creatures vanquished.

Notes
Turn   | Place    | Note
-------+----------+-------------------------------------------
     0 | D:1      | dialectric the Demonspawn Wanderer began the quest for the
                  | Orb.
     0 | D:1      | dialectric set off with the following items: a +0 short
                  | sword, 8 poisoned darts, a +0 dagger, a potion of heal
                  | wounds, a +0 robe; and the following spell memorised: Slow;
                  | and the following spells available to memorise: Tukima's
                  | Dance, Cause Fear.
     0 | D:1      | Reached XP level 1. HP: 15/15 MP: 3/3
   386 | D:1      | Slain by a kobold

Illustrated notes

Levels and vault maps discovered:
D:1:      nicolae_arrival_memento_mori, layout_loops_ring,
          minmay_indecisive_spiral

Action                     || total
---------------------------++-------
  Melee: Short sword       ||    30
 Armour: Robe              ||    14
  Dodge: Dodged            ||     9

Table legend: (Time is in decaauts)
 A = Elapsed time spent in this place.
 B = Non-inter-level travel time spent in this place.
 C = Inter-level travel time spent in this place.
 D = Time resting spent in this place.
 E = Time spent auto-exploring this place.
 F = Levels seen in this place.
 G = Mean time per level.
                   A        B        C        D        E       F      G
               +--------+--------+--------+--------+--------+-----+--------+
         Total |    383 |    383 |      0 |      0 |    327 |   1 |  383.0 |
       Dungeon |    383 |    383 |      0 |      0 |    327 |   1 |  383.0 |
               +--------+--------+--------+--------+--------+-----+--------+

Top non-repeatable levels by time:
     D:1: 383 daAuts
